 Dungeon Crawl Stone Soup version 0.25.1-2-g60ff931df9 (webtiles) character file.

Game seed: 16475894614934980004

99378 funkygono the Marksminotaur (level 15, -12/144 HPs)
             Began as a Minotaur Gladiator on Oct 13, 2020.
             Was the Champion of Okawaru.
             Blown up by an orb spider (28 damage)
             ... with an orb of destruction
             ... on level 3 of the Spider Nest on Oct 15, 2020.
             The game lasted 01:12:39 (26126 turns).

funkygono the Marksminotaur (Minotaur Gladiator)   Turns: 26126, Time: 01:12:40

Health: -12/144    AC: 16    Str: 29    XL:     15   Next: 77%
Magic:  16/16      EV: 13    Int:  7    God:    Okawaru [******]
Gold:   2374       SH:  5    Dex: 15    Spells: 14/14 levels left

rFire    . . .     SeeInvis .   a - +8 whip "Ytolon" {protect, rC+ rN++ MR+ Str-2}
rCold    + . .     Gourm    .   (no shield)
rNeg     + + +     Faith    .   d - +1 plate armour {rPois}
rPois    +         Spirit   .   (helmet unavailable)
rElec    .         Reflect  +   F - +2 cloak
rCorr    .         Harm     .   I - +0 pair of fencer's gloves {Riposte Dex+3}
MR       ++...                  K - +2 pair of boots
Stlth    ..........             w - amulet of reflection
HPRegen  0.34/turn              h - ring of positive energy
MPRegen  0.15/turn              y - +6 ring of strength

@: mighty, lethally poisoned (-12 -> -21), corroded, protection aura
A: retaliatory headbutt, horns 3, clever 1, low mp 1
a: Heroism, Finesse, Renounce Religion


You were on level 3 of the Spider Nest.
You worshipped Okawaru.
Okawaru was exalted by your worship.
You were not hungry.

You visited 5 branches of the dungeon, and saw 21 of its levels.
You also visited: Volcano.

You collected 2588 gold pieces.
You spent 214 gold pieces at shops.

Inventory:

Hand Weapons
 a - the +8 whip "Ytolon" (weapon) {protect, rC+ rN++ MR+ Str-2}
   (You found it on level 8 of the Dungeon)

   It grants its wielder temporary protection when it strikes (+7 to AC).
   It affects your strength (-2).
   It protects you from cold.
   It greatly protects you from negative energy.
   It affects your resistance to hostile enchantments.
 b - the +8 storm bow {elec, penet}
   (Okawaru gifted it to you on level 1 of the Orcish Mines)

   It charges the ammunition it shoots with electricity; occasionally upon a
   hit, such missiles may discharge and cause terrible harm.
   Ammo fired by it will pass through the targets it hits, potentially hitting
   all targets in its path until it reaches maximum range.
Missiles
 m - 493 arrows
Armour
 d - a +1 plate armour of poison resistance (worn)
 j - a +2 crystal plate armour
 F - a +2 cloak (worn)
 G - a +3 chain mail of fire resistance
 I - the +0 pair of fencer's gloves (worn) {Riposte Dex+3}
   (Okawaru gifted it to you on level 5 of the Lair of Beasts)

   It affects your dexterity (+3).
 K - a +2 pair of boots (worn)
Magical Staves
 z - an uncursed staff of air {unknown}
Jewellery
 h - a ring of positive energy (left hand)
 t - an uncursed ring of see invisible
 w - an amulet of reflection (around neck)
 y - a +6 ring of strength (right hand)
Wands
 e - a wand of acid (15)
 E - a wand of iceblast (22)
 J - a wand of disintegration (24)
 L - a wand of paralysis (6)
Scrolls
 c - 4 scrolls of teleportation
 g - 3 scrolls of identify
 l - 4 scrolls of amnesia
 r - a scroll of fog
 v - a scroll of enchant weapon
 x - 3 scrolls of fear
 A - 13 scrolls of remove curse
 O - 2 scrolls of magic mapping
Potions
 i - 2 potions of resistance
 k - 2 potions of might
 n - 4 potions of berserk rage
 o - a potion of cancellation
 p - 3 potions of curing
 q - a potion of brilliance
 u - 4 potions of mutation
 B - 5 potions of heal wounds
 C - 3 potions of haste
 D - 5 potions of lignification
 P - 2 potions of flight
Miscellaneous
 R - a lightning rod (4/4)
Comestibles
 f - 37 rations
 s - 11 chunks of flesh


   Skills:
 + Level 16.2 Fighting
 + Level 14.1 Maces & Flails
 + Level 16.6 Bows
 - Level 2.0 Throwing
 + Level 13.3 Armour
 + Level 9.3 Dodging
 + Level 6.3 Invocations


You had 14 spell levels left.
You didn't know any spells.
Your spell library contained the following spells:

 Spells                   Type           Power        Failure   Level  Hunger
 Sandblast                Erth           #.....       96%         1    ##.....
 Shock                    Conj/Air       #...         96%         1    ##.....
 Passwall                 Tmut/Erth      #.......     99%         2    ###....
 Swiftness                Chrm/Air       #.......     99%         2    ###....
 Confusing Touch          Hex            #.......     100%        3    ####...
 Gell's Gravitas          Tloc           #.........   100%        3    ####...
 Recall                   Summ/Tloc      N/A          100%        3    ####...
 Static Discharge         Conj/Air       #.......     100%        3    ####...
 Stone Arrow              Conj/Erth      #.....       100%        3    ####...
 Airstrike                Air            #.........   100%        4    #####..
 Cause Fear               Hex            #.........   100%        4    #####..
 Petrify                  Tmut/Erth      #.......     100%        4    #####..
 Aura of Abjuration       Summ           #.........   100%        5    ######.
 Lee's Rapid Deconstruct  Erth           #.........   100%        5    ######.
 Lightning Bolt           Conj/Air       #.........   100%        5    ######.
 Metabolic Englaciation   Hex/Ice        #.........   100%        5    ######.
 Silence                  Hex/Air        #.........   100%        5    ######.
 Summon Demon             Summ           #.........   100%        5    ######.
 Summon Forest            Summ/Tloc      #.........   100%        5    ######.
 Summon Mana Viper        Hex/Summ       #.......     100%        5    ######.
 Yara's Violent Unravell  Hex/Tmut       #.........   100%        5    ######.
 Shadow Creatures         Summ           N/A          100%        6    #######
 Discord                  Hex            #.........   100%        8    #######


Dungeon Overview and Level Annotations

Branches:
Dungeon (9/15)             Temple (1/1) D:6            Lair (6/6) D:8
 Shoals (0/4) Lair:3       Spider (3/4) Lair:4        Slime (0/5) Lair:5
    Orc (2/2) D:9             Elf (0/3) Orc:2       Volcano (visited)

Altars:
Ashenzari
Cheibriados
Dithmenos
Elyvilon
Fedhas
Gozag
Hepliaklqana
Kikubaaqudgha
Makhleb
Nemelex Xobeh
Okawaru
Qazlal
Ru
Sif Muna
Trog
Uskayaw
Vehumet
Wu Jian
Xom
Yredelemnul
Zin
The Shining One
Beogh

Shops:
D:8 ([[(   Orc:2 (?:(}

Annotations:
Spider:2 2 transporters, Arachne


Innate Abilities, Weirdness & Mutations

You reflexively headbutt those who attack you in melee.
You have a pair of large horns on your head.
Your mind is acute. (Int +2)
Your magical capacity is low. (-10% MP)


Message History

The soldier ant stings you but does no damage.
You whack the soldier ant!
The soldier ant is moderately wounded.
The orb spider weaves a glowing orb of energy.
A worker ant comes into view.
An orb of destruction comes into view.
You hit the soldier ant but do no damage.
The soldier ant is moderately wounded.
You block the soldier ant's attack.
Unknown command.
The worker ant bites you.
* * * LOW HITPOINT WARNING * * *
The soldier ant stings you!
* * * LOW HITPOINT WARNING * * *
You are poisoned.
The soldier ant poisons you!
The orb spider begins to weave its threads into a brightly glowing ball.
You see here an arrow.
You feel sick. The orb of destruction hits you!!
You die...

........##.........#....
#.......................
..#.....#...%....†......
....#.........#...s.....
................#○......
#.............†.(°(.(...
..............(†○a.#(##
................☼a##
..............(.@#(#
...^...........†.#.# aa##
....<...........(# a ...a
.......%.#....(..# ..a..
............"..... .(.
............#....####..
........#........###)# # ..
......#........#.(.#.##.#..a
.$...#=†.((..(.../


You could see an orb spider (charged), a soldier ant and a worker ant.

Vanquished Creatures
  Frances (Spider:1)
  Agnes (Spider:2)
  3 entropy weavers (Spider:3)
  The ghost of Huasawuy the Grappler, a journeyman TrWz of Okawaru (Lair:3)
  An ettin (Orc:2)
  Snorg (Orc:2)
  A fire dragon (Lair:6)
  Fannar (Orc:1)
  Erolcha (Orc:1)
  Harold (Orc:1)
  4 hydras
  A centaur warrior (Orc:2)
  5 two-headed ogres
  A catoblepas (Lair:4)
  A dancing weapon (Volcano)
  12 death yaks
  An orc high priest (Orc:1)
  A queen ant (Spider:2)
  Urug (Lair:5)
  Sonja (Lair:5)
  A spriggan (Lair:6)
  A fire crab (Lair:6)
  5 wizards (Volcano)
  4 oklob plants
  4 orc knights
  6 orb spiders
  13 wolf spiders
  A manticore (Lair:3)
  2 orc sorcerers (Orc:1)
  3 elephants (Lair:4)
  Maurice (D:8)
  5 toenail golems (Volcano)
  4 black mambas
  2 molten gargoyles (Lair:6)
  2 rime drakes (Lair:3)
  11 spiny frogs
  9 komodo dragons
  4 demonic crawlers
  3 trolls
  7 jumping spiders
  Prince Ribbit (D:6)
  4 hornets
  15 blink frogs
  8 hippogriffs
  2 dream sheep (D:8)
  13 tarantellas
  33 redbacks
  58 yaks
  5 wyverns (Lair:6)
  5 basilisks (Lair:6)
  2 steam dragons (Lair:6)
  Menkaure (D:6)
  2 wargs
  14 soldier ants
  14 water moccasins
  3 hell hounds (Lair:6)
  A hornet zombie (D:9)
  38 orc warriors
  3 porcupines
  A sky beast (D:8)
  A black bear (D:7)
  3 ice beasts
  A necrophage (D:7)
  9 ogres
  12 centaurs
  4 crocodiles
  50 wolves
  3 big kobolds (D:8)
  14 bullfrogs
  A wyvern skeleton (D:7)
  A water moccasin zombie (D:7)
  3 scorpions
  16 killer bees
  3 wights (D:6)
  A howler monkey (D:6)
  5 lava snakes (Lair:6)
  A centaur zombie (D:7)
  A bullfrog zombie (D:7)
  4 crimson imps
  6 hounds
  2 jellies (D:9)
  22 orc wizards
  A quasit (D:7)
  20 orc priests
  18 worker ants
  Natasha (thrice) (D:2)
  An iguana (D:5)
  4 hell rats (Lair:5)
  A killer bee zombie (D:7)
  A hound skeleton (D:6)
  3 gnolls (D:3)
  7 adders
  A howler monkey skeleton (D:5)
  3 shadow imps
  3 adder skeletons
  An adder zombie (D:9)
  2 worms
  4 dart slugs
  3 leopard geckos
  85 orcs
  6 giant cockroaches
  7 goblins
  6 hobgoblins
  11 jackals
  3 kobolds
  5 quokkas
  A ball python (D:3)
  2 bats
  3 frilled lizards (D:1)
  A quokka skeleton (D:4)
  A quokka zombie (D:5)
  5 rats
  A spectral orc (D:6)
  4 plants
  3 toadstools (D:1)
734 creatures vanquished.

Vanquished Creatures (others)
  A soldier ant (Spider:3)
  A worker ant (Spider:3)
  4 fungi
  A plant (Lair:6)
  A toadstool (D:1)
8 creatures vanquished.

Grand Total: 742 creatures vanquished

Notes
Turn   | Place    | Note
-------+----------+-------------------------------------------
     0 | D:1      | funkygono the Minotaur Gladiator began the quest for the
                  | Orb.
     0 | D:1      | Reached XP level 1. HP: 18/18 MP: 0/0
   179 | D:1      | Reached XP level 2. HP: 25/25 MP: 1/1
   717 | D:2      | Reached XP level 3. HP: 30/30 MP: 2/2
   763 | D:2      | Found a sacrificial altar of Ru.
  1096 | D:2      | Found an opulent altar of Gozag.
  1115 | D:2      | Noticed Natasha
  1122 | D:2      | Killed Natasha
  1122 | D:2      | Reached skill level 5 in Maces & Flails
  1122 | D:2      | Reached skill level 1 in Armour
  1122 | D:2      | Reached XP level 4. HP: 19/37 MP: 3/3
  1426 | D:2      | Noticed Natasha
  1429 | D:2      | Killed Natasha
  1632 | D:2      | Noticed Natasha
  1645 | D:2      | Gained mutation: Your magical capacity is low. (-10% MP)
                  | [potion of mutation]
  1645 | D:2      | Gained mutation: You have a pair of large horns on your
                  | head. [potion of mutation]
  1645 | D:2      | Gained mutation: Your mind is acute. (Int +2) [potion of
                  | mutation]
  1646 | D:2      | Killed Natasha
  2192 | D:3      | Reached XP level 5. HP: 41/45 MP: 3/3
  2750 | D:3      | Found an ornate altar of the Wu Jian Council.
  3371 | D:4      | Got a translucent ring mail
  3382 | D:4      | Identified the +2 ring mail "Otuthryoff" {-Cast Regen+ MP+9
                  | Dex+4} (You found it on level 4 of the Dungeon)
  3914 | D:5      | Entered Level 5 of the Dungeon
  3940 | D:5      | Reached XP level 6. HP: 8/51 MP: 4/4
  4078 | D:5      | Got a spiked scale mail
  4089 | D:5      | Identified the +4 scale mail of the Evening Star {rF+} (You
                  | found it on level 5 of the Dungeon)
  4108 | D:5      | Found a hazy altar of Hepliaklqana.
  4553 | D:5      | Reached XP level 7. HP: 53/59 MP: 5/5
  4655 | D:5      | Reached skill level 1 in Bows
  5485 | D:6      | Reached skill level 5 in Armour
  5672 | D:6      | Found a basalt altar of Yredelemnul.
  5700 | D:6      | Noticed Menkaure
  5706 | D:6      | Killed Menkaure
  5706 | D:6      | Reached XP level 8. HP: 67/67 MP: 6/6
  5895 | D:6      | Reached skill level 5 in Fighting
  6066 | D:6      | Noticed Prince Ribbit
  6105 | D:6      | Killed Prince Ribbit
  6105 | D:6      | Reached skill level 5 in Dodging
  6202 | D:6      | Found a sparkling altar of Nemelex Xobeh.
  6292 | D:6      | Found a staircase to the Ecumenical Temple.
  6301 | Temple   | Entered the Ecumenical Temple
  6704 | D:7      | Reached skill level 5 in Bows
  6983 | D:7      | Reached XP level 9. HP: 70/74 MP: 7/7
  7036 | D:7      | Found a white marble altar of Elyvilon.
  7523 | D:8      | Noticed Maurice
  7524 | D:8      | Noticed a two-headed ogre
  7558 | D:8      | Killed a two-headed ogre
  7575 | D:8      | Killed Maurice
  7575 | D:8      | Reached skill level 10 in Maces & Flails
  7579 | D:8      | Noticed a two-headed ogre
  7594 | D:8      | Killed a two-headed ogre
  7682 | D:8      | Reached XP level 10. HP: 85/85 MP: 8/8
  7710 | D:8      | Found Oguar Reclo's Antique Weapon Boutique.
  8191 | D:8      | Noticed a three-headed hydra
  8203 | D:8      | Killed a three-headed hydra
  8203 | D:8      | Reached skill level 10 in Bows
  8280 | D:8      | Found a snail-covered altar of Cheibriados.
  8286 | D:8      | Found Juchusox's Weapon Emporium.
  8292 | D:8      | Got a pitted whip
  8293 | D:8      | Identified the +8 whip "Ytolon" {protect, rC+ rN++ MR+
                  | Str-2} (You found it on level 8 of the Dungeon)
  8333 | D:8      | Found Xigegaoh's Armour Emporium.
  8374 | D:8      | Found Puomofibb's Armour Emporium.
  8401 | D:8      | Bought a +2 pair of boots for 214 gold pieces
  8586 | D:8      | Found a staircase to the Lair.
  8612 | D:8      | Found a stormy altar of Qazlal.
  8912 | D:9      | Reached XP level 11. HP: 94/94 MP: 8/8
  8959 | D:9      | Noticed a green death
  9068 | D:9      | Found a burning altar of Makhleb.
  9084 | D:9      | Found a glowing silver altar of Zin.
  9084 | D:9      | Noticed an angel
  9438 | D:9      | Found a staircase to the Orcish Mines.
  9640 | D:9      | Noticed a two-headed ogre
  9647 | D:9      | Killed a two-headed ogre
  9824 | D:9      | Found a blossoming altar of Fedhas.
  9899 | D:9      | Found an iron altar of Okawaru.
  9908 | D:9      | Became a worshipper of Warmaster Okawaru
  9962 | Lair:1   | Entered Level 1 of the Lair of Beasts
 10417 | Lair:1   | Reached * piety under Okawaru
 11021 | Lair:2   | Reached skill level 10 in Fighting
 11163 | Lair:2   | Reached ** piety under Okawaru
 11242 | Lair:2   | Noticed an eight-headed hydra
 11253 | Lair:2   | Killed an eight-headed hydra
 11356 | Lair:2   | You fall into a shaft and drop 2 floors!
 11356 | Lair:4   | Noticed an eight-headed hydra
 11384 | Lair:4   | Killed an eight-headed hydra
 11389 | Lair:4   | Reached XP level 12. HP: 79/106 MP: 9/9
 11538 | Lair:4   | Reached *** piety under Okawaru
 11567 | Lair:4   | Found a hole to the Spider Nest.
 11868 | Lair:4   | Noticed a catoblepas
 11902 | Lair:4   | Killed a catoblepas
 11902 | Lair:4   | Reached **** piety under Okawaru
 12006 | Lair:4   | Received a gift from Okawaru
 12433 | Lair:3   | Noticed a death yak
 12436 | Lair:3   | Noticed a death yak
 12436 | Lair:3   | Noticed a death yak
 12440 | Lair:3   | Noticed a death yak
 12459 | Lair:3   | Killed a death yak
 12459 | Lair:3   | Received a gift from Okawaru
 12467 | Lair:3   | Killed a death yak
 12477 | Lair:3   | Killed a death yak
 12481 | Lair:3   | Killed a death yak
 12602 | Lair:3   | Found a runed translucent door.
 12602 | Lair:3   | Noticed Huasawuy's ghost (journeyman TrWz)
 12641 | Lair:3   | Reached skill level 1 in Invocations
 12720 | Lair:3   | Received a gift from Okawaru
 12959 | Lair:3   | Found a staircase to the Shoals.
 13615 | Lair:2   | Reached ***** piety under Okawaru
 13615 | Lair:2   | Received a gift from Okawaru
 14239 | Lair:5   | Noticed Urug
 14245 | Lair:5   | Reached XP level 13. HP: 117/117 MP: 11/11
 14262 | Lair:5   | Killed Urug
 14382 | Lair:5   | Received a gift from Okawaru
 14444 | Lair:5   | Found a staircase to the Slime Pits.
 14470 | Lair:5   | Noticed Sonja
 14480 | Lair:5   | Killed Sonja
 14681 | Lair:5   | Found a dark tunnel.
 14691 | Volcano  | Entered a volcano
 14705 | Volcano  | Reached skill level 10 in Armour
 14709 | Volcano  | Received a gift from Okawaru
 14962 | Volcano  | Paralysed by a wizard for 7 turns
 14991 | Volcano  | Paralysed by a wizard for 5 turns
 14996 | Volcano  | Received a gift from Okawaru
 15498 | Lair:5   | Received a gift from Okawaru
 15499 | Lair:5   | Found the +0 pair of fencer's gloves {Riposte Dex+3}
 16498 | Lair:6   | Entered Level 6 of the Lair of Beasts
 17259 | Lair:6   | Reached XP level 14. HP: 109/129 MP: 14/14
 17261 | Lair:6   | Reached skill level 5 in Invocations
 18263 | Lair:6   | Reached ****** piety under Okawaru
 18283 | Lair:6   | Received a gift from Okawaru
 18310 | Lair:6   | Got a twisted longbow {god gift}
 18311 | Lair:6   | Identified the +2 longbow of Havoc {vorpal, rElec rN+ MR+++
                  | Stlth-} (Okawaru gifted it to you on level 6 of the Lair of
                  | Beasts)
 18873 | Lair:6   | Found a large runed translucent door.
 18874 | Lair:6   | Found a large runed translucent door.
 19461 | Lair:6   | Received a gift from Okawaru
 20030 | D:8      | Identified a scroll of acquirement
 20030 | D:8      | Acquired a +5 longbow of flaming
 20104 | Orc:1    | Entered Level 1 of the Orcish Mines
 20104 | Orc:1    | Noticed Fannar
 20356 | Orc:1    | Killed Fannar
 20356 | Orc:1    | Received a gift from Okawaru
 20357 | Orc:1    | Found the +8 storm bow {elec, penet}
 20516 | Orc:1    | Noticed Harold
 20534 | Orc:1    | Killed Harold
 20736 | Orc:1    | Noticed Erolcha
 20748 | Orc:1    | Killed Erolcha
 20787 | Orc:1    | Reached skill level 15 in Bows
 20801 | Orc:1    | Reached skill level 15 in Fighting
 21223 | Orc:2    | Entered Level 2 of the Orcish Mines
 21223 | Orc:2    | Found Siwi's Antique Weapon Shop.
 21338 | Orc:2    | Received a gift from Okawaru
 21412 | Orc:2    | Received a gift from Okawaru
 21547 | Orc:2    | Found a staircase to the Elven Halls.
 21800 | Orc:2    | Found Kyxiqaas's Book Emporium.
 21800 | Orc:2    | Found Zunagg's Antique Weapon Shop.
 21802 | Orc:2    | Found Jaafog Losil's Gadget Boutique.
 21804 | Orc:2    | Found Ohify's Magic Scroll Shoppe.
 21851 | Orc:2    | Noticed Snorg
 21863 | Orc:2    | Killed Snorg
 21863 | Orc:2    | Reached XP level 15. HP: 141/141 MP: 13/16
 21967 | Orc:2    | Found a roughly hewn altar of Beogh.
 22724 | Spider:1 | Entered Level 1 of the Spider Nest
 22724 | Spider:1 | Noticed Frances
 22737 | Spider:1 | Killed Frances
 22837 | Lair:3   | Killed Huasawuy's ghost
 23753 | Spider:1 | Received a gift from Okawaru
 25060 | Spider:2 | Noticed Agnes
 25071 | Spider:2 | Killed Agnes
 25198 | Spider:2 | Found a transporter.
 25202 | Spider:2 | Found a transporter.
 25204 | Spider:2 | Noticed Arachne
 25940 | Spider:3 | Received a gift from Okawaru
 26110 | Spider:3 | Received a gift from Okawaru
 26126 | Spider:3 | Blown up by an orb spider

Illustrated notes

Levels and vault maps discovered:
D:1:      ldierk_water_garden, layout_basic
D:2:      layout_basic, old_standard_altar, nicolae_overflow_hidden_temple,
          first_ration, uniq_natasha
D:3:      layout_loops_corners, overflow_temple_1_default,
          mrwooster_statue_mirror
D:4:      layout_gridville
D:5:      layout_basic, lemuel_doored_altar, minivault_19
D:6:      layout_loops_corners, nemelex_xobeh_ov_fountains_minmay,
          yredelemnul_forgotten_temple_becter, temple_hall, uniq_menkaure,
          uniq_prince_ribbit1
D:7:      layout_loops_ring, elyvilon_altar_5
D:8:      layout_cave_pods, nicolae_qazlal_style_of_elements,
          kennysheep_little_box, lair_entry_dummy, serial_shops, shop,
          nicolae_shop_statue_plus, nicolae_shop_statue_plus, shop,
          hangedman_ranch [blue_anna_fruit_fields], uniq_maurice
D:9:      layout_basic, grunt_temple_overflow_order_and_chaos_2,
          lemuel_coloured_pillars_altar, fedhas_ov_isle_minmay, orc_0_dummy
Temple:   chequers_temple_sunken
Lair:1:   layout_regular_city, serial_bayou_shore_b, grunt_megastairs_3
Lair:2:   layout_cave_pods, grunt_megastairs_2
Lair:3:   layout_long_grid, minmay_shoals_entry_beasts,
          hellmonk_ghost_happy_afterlife
Lair:4:   layout_loops_ring, spider_nest_entry_funnel_web
Lair:5:   layout_loops_ring, slime_dummy, enter_volcano_1, grunt_megastairs_5,
          minmay_lair_oklob_chamber, uniq_sonja, uniq_urug
Lair:6:   cheibrodos_lair_end_hotspot, layout_hall_layers,
          grunt_forest_large_clearings
Spider:1: layout_spider_delve, uniq_frances
Spider:2: gammafunk_the_bubble [the_bubble_gammafunk_crates], uniq_arachne,
          uniq_agnes
Spider:3: layout_spider_delve, drop_trap, minivault_29
Orc:1:    layout_caves, uniq_harold, uniq_fannar, uniq_erolcha
Orc:2:    st_orc_rangers, layout_caves, basic_altar, serial_shops, shop,
          uniq_snorg

Skill      XL: |  1  2  3  4  5  6  7  8  9 10 11 12 13 14 15 |
---------------+----------------------------------------------+-----
Maces & Flails | 4 5 6 7 8 9 10 11 12 13 14 | 14.1
Armour         | 1 3 4 5 6 7 8 9 10 12 13 | 13.3
Fighting       | 3 4 6 7 8 10 12 13 15 16 | 16.2
Dodging        | 4 5 6 7 8 9 |  9.3
Bows           | 3 5 8 10 12 13 14 15 16 | 16.6
Invocations    | 1 4 6 |  6.3
Throwing       | |  2.0

Action                   |  1- 3 |  4- 6 |  7- 9 | 10-12 | 13-15 || total
-------------------------+-------+-------+-------+-------+-------++-------
Melee: Flail             |    56 |   125 |   201 |    75 |       ||   457
       Headbutt          |     2 |    15 |    43 |   168 |   322 ||   550
       Whip              |       |       |       |   397 |   886 ||  1283
       Punch             |       |       |       |     1 |     8 ||     9
       Shortbow          |       |       |       |       |     4 ||     4
 Fire: Shortbow          |       |    10 |   126 |   275 |   233 ||   644
       Longbow           |       |       |       |       |   314 ||   314
Throw: Throwing net      |       |       |       |     2 |       ||     2
Invok: Heroism           |       |       |       |     5 |    18 ||    23
  Use: Scroll            |     3 |     7 |     6 |     7 |     7 ||    30
       Potion            |       |     2 |       |       |     4 ||     6
 Stab: Held in net/web   |       |       |       |       |     1 ||     1
  Eat: Chunk             |       |     8 |     7 |    19 |    24 ||    58
       Ration            |       |     1 |     1 |       |     4 ||     6
Armor: Leather armour    |     4 |       |       |       |       ||     4
       Chain mail        |    14 |    26 |       |       |   211 ||   251
       Plate armour      |       |     8 |       |       |   166 ||   174
       Ring mail         |       |     4 |    54 |   156 |    26 ||   240
       Scale mail        |       |    19 |    10 |       |       ||    29
Dodge: Dodged            |    34 |    80 |   122 |   287 |   510 ||  1033
Block: Other             |       |       |    11 |    78 |   170 ||   259
       Reflection        |       |       |     3 |       |    14 ||    17
       Rpst.: Whip       |       |       |       |       |    98 ||    98
       Longbow           |       |       |       |       |     5 ||     5
